 Dungeon Crawl Stone Soup version 0.21-a0-615-g8e08f28 (webtiles) character file.

58 shenanigans the Skirmisher (level 4, 38/38 HPs)
             Began as a Barachi Monk on Dec 22, 2017.
             Quit the game on level 2 of the Dungeon.
             The game lasted 00:02:49 (1145 turns).

shenanigans the Skirmisher (Barachi Monk)           Turns: 1145, Time: 00:02:50

Health: 38/38      AC:  6    Str: 13    XL:     4   Next: 1%
Magic:  4/4        EV: 12    Int: 11    God:
Gold:   89         SH:  0    Dex: 14    Spells: 3/3 levels left

rFire    . . .     SeeInvis .   a - +0 hand axe
rCold    . . .     Gourm    .   (no shield)
rNeg     . . .     Faith    .   e - +0 ring mail
rPois    .         Spirit   .   (no helmet)
rElec    .         Reflect  .   (no cloak)
rCorr    .         Harm     .   m - +0 pair of gloves
MR       .....                  (no boots)
Stlth    +.........             (no amulet)
HPRegen  0.12/turn              (no ring)
MPRegen  0.09/turn              (no ring)

@: slow
A: +LOS, swims, slowness 1, strong legs 1
a: Hop


You were on level 2 of the Dungeon.
You were not hungry.

You visited 1 branch of the dungeon, and saw 2 of its levels.

You collected 89 gold pieces.

Inventory:

Hand Weapons
 a - a +0 hand axe (weapon)
Armour
 b - a +0 robe
 e - a +0 ring mail (worn)
 m - a +0 pair of gloves (worn)
Scrolls
 f - a scroll of fear {unknown}
 h - 2 scrolls of remove curse {unknown}
 i - a scroll of blinking {unknown}
 j - 2 scrolls of identify {unknown}
Potions
 d - a potion of magic {unknown}
 g - a potion of agility {unknown}
 k - a potion of brilliance {unknown}
 l - a potion of degeneration {unknown}
Comestibles
 c - 4 rations


   Skills:
 + Level 4.4 Fighting
 + Level 4.0 Axes
 + Level 2.2 Armour
 - Level 3.2 Dodging
 - Level 1.7 Stealth


You had 3 spell levels left.
You didn't know any spells.

Dungeon Overview and Level Annotations

Branches:
Dungeon (2/15)

Altars:


Innate Abilities, Weirdness & Mutations

Shadows flee at your approach. (+LOS)
You can swim through water.
You cover ground slowly.
You can hop short distances.


Message History

You hit the dart slug.
The dart slug is severely wounded.
The dart slug barely misses you.
You hit the dart slug.
The dart slug is almost dead.
The dart slug closely misses you.
You hit the dart slug.
You kill the dart slug!
You have reached level 4!
You feel stronger.
You see here a hobgoblin corpse.
You open the door.
There is an open door here.
There is an open door here.
A bat comes into view.
A bat is nearby!
A bat is nearby!
A bat is nearby!
Unknown command.
Are you sure you want to abandon this character and quit the game? (Confirm with "yes".)

.. ##### .# #...# . #.<.##
......... b# #....#
..#.#.#.###########. ##...##
........#.......#.. #....##
..#.#...#.#.###.#.# ##....##
.............##.#.# #.8...#
.........#.#....@.## ##.....#
......#.......###..# #....#†#
......#..#.#.# #...##
##...##.#
###..........###.#..###
#....#..#
.....##.#.#.###....(..#
#.>.##.## ###..##.#.#.#
#.#.#.#.###...##.#
#...#.#.#.###.........#####..#
#.#.#...#.#...#.#.#.##.####.##
#.......#...........##......#


You could see a bat (sleeping).

Vanquished Creatures
  An adder (D:2)
  2 oozes (D:1)
  A dart slug (D:2)
  A leopard gecko (D:1)
  3 giant cockroaches (D:1)
  4 goblins (D:1)
  4 hobgoblins
  3 jackals (D:1)
  5 bats
  9 frilled lizards
  3 kobolds
  A rat (D:1)
37 creatures vanquished.

Notes
Turn   | Place    | Note
-------+----------+-------------------------------------------
     0 | D:1      | shenanigans the Barachi Monk began the quest for the Orb.
     0 | D:1      | Reached XP level 1. HP: 18/18 MP: 1/1
   165 | D:1      | Reached skill level 1 in Armour
   165 | D:1      | Reached XP level 2. HP: 23/25 MP: 2/2
   669 | D:1      | Reached XP level 3. HP: 22/30 MP: 3/3
  1085 | D:2      | Reached XP level 4. HP: 38/38 MP: 4/4
  1145 | D:2      | Quit the game

Vault maps used:
D:1:      wheals_arrival_shading, minmay_lizard_pond
D:2:      serial_glass, glass_columns_a, glass_columns_c, glass_columns_b,
          glass_columns_b, glass_columns_c, glass_columns_a, glass_columns_b,
          glass_columns_a, glass_columns_b, glass_columns_a, glass_columns_b,
          glass_columns_b, glass_columns_a, glass_columns_a, item_on_display_a,
          grunt_ministairs_12, uniq_crazy_yiuf_cottage, uniq_natasha

Skill      XL: |  1  2  3 |
---------------+----------+-----
Armour         | 1 2 |  2.2
Fighting       | 4 |  4.4
Axes           | 4 |  4.0
Dodging        | |  3.2
Stealth        | |  1.7

Action                   |  1- 3 |  4- 6 || total
-------------------------+-------+-------++-------
Melee: Hand axe          |   147 |       ||   147
 Stab: Sleeping          |     2 |       ||     2
  Eat: Chunk             |     1 |       ||     1
Armor: Robe              |     7 |       ||     7
       Ring mail         |    54 |       ||    54
Dodge: Dodged            |    94 |       ||    94

Table legend:
 A = Spawn XP
 B = Non-spawn XP
 C = Spawn XP percentage of total XP
 D = Spawn monster count
 E = Non-spawn monster count
 F = Spawn count percentage of total count
 G = Total turns spent on level
                    A         B        C        D         E        F      G
               +---------+---------+-------+---------+---------+-------+---------
         Total |       0 |      83 |   0.0 |       0 |      37 |   0.0 |  1145
               +---------+---------+-------+---------+---------+-------+---------
           D:1 |       0 |      59 |   0.0 |       0 |      31 |   0.0 |   958
           D:2 |       0 |      24 |   0.0 |       0 |       6 |   0.0 |   187
               +---------+---------+-------+---------+---------+-------+---------
